 Dungeon Crawl Stone Soup version 0.30.1-3-gfc49f6343a (webtiles) character file.

Game seed: 694387195971083333

165571 shmup the Scorcher (level 17, -2/103 HPs)
             Began as a Tengu Fire Elementalist on Aug 2, 2023.
             Was an Elder of Vehumet.
             Slain by Saint Roka
             ... wielding a +0 long sword
              (14 damage)
             ... on level 4 of the Snake Pit on Aug 3, 2023.
             The game lasted 02:59:00 (47904 turns).

shmup the Scorcher (Tengu Fire Elementalist)       Turns: 47904, Time: 02:59:01

Health: -2/103     AC: 12    Str: 12    XL:     17   Next: 88%
Magic:  13/39      EV: 22    Int: 24    God:    Vehumet [****..]
Gold:   384        SH: 12    Dex: 17    Spells: 0/32 levels left

rFire   + + .        a - +4 falchion of Obsession {elec, *Slow rElec rC+ Will++}
rCold   . . .        U - +2 buckler of Insatiable Hunger {Contam rN++ Str+3}
rNeg    + + .        J - +0 leather armour of Protective Custody {rPois rF+ Dex+3}
rPois   +            h - +2 hat
rElec   +            u - +2 cloak
rCorr   .            l - +2 pair of gloves
SInv    .            (boots unavailable)
Will    +++..        p - amulet of reflection
Stlth   ++           s - ring of fire
HPRegen 0.37/turn    e - ring of magical power
MPRegen 0.26/turn

%: slow self (1%), reflection
@: flying quickly and evasively, hasted and slowed, studying Fire Magic, quick
A: beak, talons 3, nimble flight
a: Renounce Religion


You were on level 4 of the Snake Pit.
You worshipped Vehumet.
Vehumet was greatly pleased with you.
You visited 5 branches of the dungeon, and saw 27 of its levels.

You collected 2429 gold pieces.
You spent 2045 gold pieces at shops.

Inventory:

Hand Weapons
 a - the +4 falchion of Obsession (weapon) {elec, *Slow rElec rC+ Will++}
   (You found it on level 8 of the Dungeon)

   rC:        It protects you from cold.
   rElec:     It insulates you from electricity.
   *Slow:     It may slow you when you take damage.
   Will:      It greatly increases your willpower.
 b - the +6 scimitar "Embalmer" {venom, +Blink rF+ Int-4}
   (You bought it in a shop on level 2 of the Orcish Mines)

   Int:       It affects your intelligence (-4).
   rF:        It protects you from fire.
   +Blink:    It lets you blink.
Missiles
 g - 3 boomerangs of dispersal
 B - 54 poisoned darts
 E - 3 silver boomerangs
 O - 2 throwing nets
 Y - 3 datura-tipped darts
Armour
 h - a +2 hat (worn)
 l - a +2 pair of gloves (worn)
 u - a +2 cloak (worn)
 J - the +0 leather armour of Protective Custody (worn) {rPois rF+ Dex+3}
   (You found it on level 6 of the Dungeon)

   Dex:       It affects your dexterity (+3).
   rF:        It protects you from fire.
   rPois:     It protects you from poison.
 U - the +2 buckler of Insatiable Hunger (worn) {Contam rN++ Str+3}
   (You bought it in a shop on level 2 of the Orcish Mines)

   Str:       It affects your strength (+3).
   rN:        It greatly protects you from negative energy.
   Contam:    It causes magical contamination when unequipped.
Magical Staves
 f - a staff of air
 W - a staff of cold
Jewellery
 c - a +6 ring of intelligence
 e - a ring of magical power (right hand)
 p - an amulet of reflection (around neck)
 q - a ring of positive energy
 r - the ring "Daytuatua" {Fly rElec rCorr}
   (You found it on level 5 of the Lair of Beasts)

   [ring of flight]

   rElec:     It insulates you from electricity.
   Fly:       It grants you flight.
   rCorr:     It protects you from acid and corrosion.
 s - a ring of fire (left hand)
 A - an amulet of magic regeneration
 I - a ring of see invisible
 Q - a ring of protection from fire
Wands
 w - a wand of digging (5)
 z - a wand of charming (9)
 L - a wand of light (14)
 M - a wand of flame (33)
 P - a wand of iceblast (29)
 R - a wand of mindburst (18)
Scrolls
 d - 9 scrolls of teleportation
 j - a scroll of immolation
 m - 2 scrolls of enchant armour
 n - a scroll of acquirement
 t - 2 scrolls of fog
 v - 3 scrolls of fear
 y - 4 scrolls of magic mapping
 F - 2 scrolls of blinking
 X - a scroll of silence
 Z - 2 scrolls of identify
Potions
 i - 4 potions of invisibility
 k - 7 potions of curing
 o - 3 potions of brilliance
 x - 3 potions of berserk rage
 C - 3 potions of resistance
 D - 7 potions of haste
 G - 2 potions of heal wounds
 H - a potion of ambrosia
 K - 3 potions of cancellation
 N - 3 potions of lignification
 S - a potion of might
 V - a potion of magic
Miscellaneous
 T - a phantom mirror


   Skills:
 + Level 10.7 Fighting
 * Level 13.3 Long Blades
 - Level 5.0 Armour
 * Level 13.4 Dodging
 - Level 2.0 Stealth
 - Level 4.0 Shields
 - Level 8.0 Spellcasting
 * Level 16.1 Conjurations
 - Level 5.0 Hexes
 - Level 6.0 Transmutations
 * Level 17.7 Fire Magic
 - Level 5.0 Air Magic
 - Level 5.0 Evocations


You couldn't memorise any spells.
You knew the following spells:

 Your Spells              Type           Power      Damage    Failure   Level
a - Foxfire               Conj/Fire      100%       2x1d9     0%          1
b - Scorch                Fire           100%       2d9       0%          2
c - Inner Flame           Hex/Fire       77%        N/A       1%          3
d - Starburst             Conj/Fire      47%        6d13      1%          6
e - Flame Wave            Conj/Fire      94%        2d20      1%          4
f - Freeze                Ice            36%        1d5       3%          1
g - Arcjolt               Conj/Air       28%        1d38      1%          5
h - Orb of Destruction    Conj           36%        9d11      3%          7
i - Stone Arrow           Conj/Erth      96%        3d13      1%          3

Your spell library contained the following spells:

 Spells                   Type           Power      Damage    Failure   Level
 Magic Dart               Conj           100%       1d8       0%          1
 Kiss of Death            Conj/Necr      100%       2d13      1%          1
 Static Discharge         Conj/Air       100%       2-7/arc   1%          2
 Wereblood                Tmut           38%        N/A       1%          2
 Dazzling Flash           Conj/Hex       100%       N/A       1%          3
 Hailstorm                Conj/Ice       48%        3d11      1%          3
 Volatile Blastmotes      Fire/Tloc      100%       2d18      1%          3
 Iskenderun's Mystic Bla  Conj/Tloc      48%        2d11      1%          4
 Irradiate                Conj/Tmut      29%        3d21      1%          5
 Sandblast                Erth           18%        2d7       3%          1
 Passwall                 Tmut/Erth      20%        N/A       4%          2
 Confusing Touch          Hex            33%        N/A       4%          3
 Swiftness                Air            33%        N/A       4%          3
 Airstrike                Air            16%        2d(3-19)  4%          4
 Ensorcelled Hibernation  Hex/Ice        42%        N/A       6%          2
 Yara's Violent Unravell  Hex/Tmut       18%        3d9       9%          5
 Apportation              Tloc           18%        N/A       11%         1
 Necrotise                Necr           36%        1d5       11%         1
 Summon Small Mammal      Summ           36%        N/A       11%         1
 Summon Guardian Golem    Hex/Summ       21%        N/A       12%         3
 Sublimation of Blood     Necr           9%         N/A       17%         2
 Blade Hands              Tmut           19%        N/A       26%         5
 Call Canine Familiar     Summ           9%         N/A       32%         3
 Ozocubu's Armour         Ice            9%         N/A       32%         3
 Vampiric Draining        Necr           9%         2d6       32%         3
 Ice Form                 Ice/Tmut       24%        N/A       32%         4
 Petrify                  Tmut/Erth      24%        N/A       32%         4
 Summon Lightning Spire   Summ/Air       21%        N/A       36%         4
 Alistair's Intoxication  Tmut/Pois      16%        N/A       65%         5
 Dispel Undead            Necr           9%         3d8       73%         4
 Summon Ice Beast         Ice/Summ       9%         N/A       73%         4
 Metabolic Englaciation   Hex/Ice        10%        N/A       73%         5
 Summon Mana Viper        Hex/Summ       21%        N/A       73%         5
 Agony                    Necr           9%         N/A       97%         5
 Statue Form              Tmut/Erth      16%        N/A       99%         6
 Simulacrum               Ice/Necr       4%         N/A       100%        6
 Dragon Form              Tmut           19%        N/A       100%        7
 Monstrous Menagerie      Summ           4%         N/A       100%        7
 Ozocubu's Refrigeration  Ice            4%         4d8       100%        7
 Summon Hydra             Summ           4%         N/A       100%        7


Dungeon Overview and Level Annotations

Branches:
Dungeon (15/15) Zot: 24478  Temple (1/1) D:4 Zot: 5878    Lair (5/5) D:9 Zot: 19628
 Shoals (0/4) Lair:3        Snake (4/4) Lair:3 Zot: 14699   Slime (0/5) Lair:5
    Orc (2/2) D:10 Zot: 9007     Elf (0/3) Orc:2        Vaults (0/5) D:14
 Depths (0/4) D:15

Altars:
Ashenzari
Cheibriados
Dithmenos
Elyvilon
Fedhas
Gozag
Hepliaklqana
Kikubaaqudgha
Makhleb
Nemelex Xobeh
Okawaru
Qazlal
Ru
Sif Muna
Trog
Uskayaw
Vehumet
Wu Jian
Xom
Yredelemnul
Zin
The Shining One
Jiyva

Shops:
D:5 !*[   D:7 :   D:10 *([:   D:11 *   Orc:2 ?[((   Snake:2 *   Snake:3 :
Snake:4 [

Annotations:
D:15 exclusions: downstairs and 2 more exclusions
Lair:2 exclusion: downstairs
Lair:4 exclusion: 2 downstairs
Lair:5 exclusion: obsidian statue
Snake:1 Aizul
Snake:4 Saint Roka
Orc:1 exclusion: downstairs


Innate Abilities, Weirdness & Mutations

You have a beak for a mouth.
You have claws for feet.
Your magical nature lets you fly swiftly and evasively.


Message History

Saint Roka hits you with a +0 long sword.
* * * LOW HITPOINT WARNING * * *
Press: ? - help, v - describe, . - travel
Here: Saint Roka, wielding a +0 long sword and wearing a +4 chain mail of fire resistance (almost dead)
The floor.
Casting: Starburst (mildly dangerous; 1% risk of failure)
Confirm with . or Enter, or press ? or * to list all spells.
Okay, then.
Casting: Starburst (mildly dangerous; 1% risk of failure)
Confirm with . or Enter, or press ? or * to list all spells.
Aiming: Orb of Destruction (dangerous; 3% risk of failure)
Press: ? - help, Shift-Dir - straight line, f - Saint Roka
Aim: Saint Roka, wielding a +0 long sword and wearing a +4 chain mail of fire resistance (almost dead)
The wavering orb of destruction weakly hits Saint Roka!
Saint Roka is almost dead.
You hear a shout!
Saint Roka calls down the wrath of Beogh upon you.
Beogh smites you!
* * * LOW HITPOINT WARNING * * *
Your magical contamination has completely faded away.
Unknown command.
Casting: Orb of Destruction (dangerous; 3% risk of failure)
Confirm with . or Enter, or press ? or * to list all spells.
You don't know that spell.
Unknown command.
You closely miss Saint Roka. You claw Saint Roka, but do no damage.
Saint Roka is almost dead.
Saint Roka mumbles some strange prayers to Beogh against you.
Beogh smites you!
* * * LOW HITPOINT WARNING * * *
You feel yourself slow down.
Unknown command.
You feel much better.
Saint Roka hits you with a +0 long sword!!
* * * LOW HITPOINT WARNING * * *
You hear a shout! x2
You feel yourself speed up.
An orc wizard appears from thin air!
Reactivating autopickup.
Saint Roka hits you with a +0 long sword!
You die...

▒..........▒..0o...8.\.8.......░
.....░░▒....☼▒▒▒.▒.......▒.▒▒░░░
░░░░░░ ▒▒...0▒ ▒▒▒▒.▒▒▒.▒▒▒▒ ▒
▒....▒▒▒▒▒)..▒...▒ ▒▒
▒▒▒.....▒▒..▒▒▒..▒ .▒▒▒▒
▒.▒▒▒..▒).▒.▒..▒ ....░░░
▒.....o▒.▒▒.▒▒.▒
..▒.,,░░░░▒▒▒▒▒▒o▒.▒...▒.▒
▒.▒▒▒,,,,,▒░░░░▒Q▒.▒...▒.▒
▒....,,░░,....▒▒.▒.......▒
▒▒▒,.,,░░░░░▒............▒
..▒..,,░ ▒▒▒▒.▒.▒▒....▒ ▒▒▒.?,░░
▒▒▒▒.▒...▒...▒ ▒....,░
▒........▒▒▒▒▒ ▒.▒▒▒░░
▒........▒ ..▒ ▒......▒▒▒
..▒▒▒▒▒▒▒▒▒▒▒▒.....▒


You could see Saint Roka and an orc wizard (strong).

Vanquished Creatures
  Vashnia (Snake:2)
  Gastronok (Lair:2)
  Agnes (Snake:2)
  2 nagarajas
  Louise (Snake:3)
  The ghost of Jiecrehi the Severer, a journeyman DDFi of Makhleb (D:15)
  A stone giant (D:15)
  Azrael (D:14)
  3 dire elephants (Lair:5)
  Nessos (D:14)
  Snorg (D:10)
  2 ettins
  Josephine (D:12)
  A yaktaur captain (D:14)
  4 hydras
  2 salamander tyrants
  An ogre mage (D:15)
  4 centaur warriors
  A spectral fire giant (D:15)
  14 two-headed ogres
  A spectral sphinx (D:15)
  10 anacondas
  7 naga warriors
  3 boulder beetles
  A death knight (D:14)
  An orc high priest (Orc:2)
  12 naga sharpshooters
  5 death yaks
  6 shock serpents
  2 tengu warriors (D:13)
  A skyshark (Lair:5)
  5 salamander mystics
  A skeletal warrior (D:15)
  A spectral death yak (Lair:5)
  Lodul (D:14)
  A spectral anaconda (Lair:5)
  8 naga ritualists
  A deep elf archer (D:15)
  7 orc knights
  A phantasmal warrior (D:15)
  4 wizards
  4 harpies
  3 deep elf pyromancers
  3 necromancers (Lair:5)
  A wolf spider (D:14)
  11 mana vipers
  8 ugly things
  6 orc sorcerers
  A manticore (D:14)
  5 cyclopes
  23 elephants
  21 salamanders
  Maurice (D:8)
  37 black mambas
  11 naga magi
  An eye of devastation (Lair:5)
  2 torpor snails
  Joseph (D:8)
  8 cane toads
  A gargoyle (D:12)
  3 rime drakes
  2 kobold demonologists (D:6)
  An unseen horror (D:12)
  Maggie (D:8)
  4 freezing wraiths
  2 yaktaurs (D:14)
  2 efreet (D:14)
  A dire elephant skeleton (Lair:5)
  4 komodo dragons
  Psyche (D:8)
  A yaktaur (shapeshifter) (D:13)
  8 trolls
  2 hornets
  4 polar bears (Lair:3)
  Prince Ribbit (D:8)
  13 blink frogs
  8 saltlings (Orc:2)
  13 dream sheep (Lair:4)
  A spectral elephant (Lair:5)
  A dire elephant simulacrum (Lair:5)
  10 wraiths
  4 slime creatures (D:9)
  2 vampires
  7 wyverns
  2 basilisks
  38 yaks
  A fire elemental (D:14)
  Grum (D:8)
  2 death yak simulacra (Lair:5)
  A steam dragon (D:8)
  7 vampire mosquitoes (D:13)
  A spectral cane toad (Lair:5)
  2 wargs
  3 acid dragons
  36 nagas
  8 water moccasins
  A floating eye (Lair:5)
  3 hell hounds (D:14)
  4 black bears
  21 orc warriors
  An ice beast (D:5)
  2 elephant zombies (Lair:5)
  2 sky beasts
  12 wolves
  12 ogres
  A phantom (D:5)
  18 centaurs
  An elephant skeleton (Lair:5)
  3 kobold brigands
  11 bullfrogs
  4 gnoll sergeants
  4 scorpions
  An elephant simulacrum (Lair:5)
  2 howler monkeys
  2 electric eels (D:11)
  2 jellies
  A hound (D:5)
  A sleepcap (D:7)
  9 orc priests
  7 iguanas
  2 gnoll boudas
  14 orc wizards
  22 gnolls
  9 adders
  3 shadow imps
  2 white imps
  2 ufetubi
  2 worms (D:3)
  3 dart slugs
  75 orcs
  4 ball pythons
  5 bats
  6 endoplasms
  3 giant cockroaches
  7 goblins
  6 hobgoblins
  4 quokkas
  3 frilled lizards
  18 kobolds
  6 rats
790 creatures vanquished.

Vanquished Creatures (collateral kills)
  6 foxfires
6 creatures vanquished.

Vanquished Creatures (others)
  A naga sharpshooter (Snake:1)
  587 foxfires
588 creatures vanquished.

Grand Total: 1384 creatures vanquished

Notes
Turn   | Place    | Note
-------+----------+-------------------------------------------
     0 | D:1      | shmup the Tengu Fire Elementalist began the quest for the
                  | Orb.
     0 | D:1      | Reached XP level 1. HP: 10/10 MP: 4/4
   548 | D:1      | Reached XP level 2. HP: 15/15 MP: 6/6
   625 | D:1      | Reached skill level 4 in Fire Magic
   824 | D:2      | Reached XP level 3. HP: 19/19 MP: 7/7
   988 | D:2      | Learned a level 2 spell: Scorch
  1072 | D:2      | Reached XP level 4. HP: 21/24 MP: 8/8
  1352 | D:2      | Reached skill level 5 in Fire Magic
  1705 | D:3      | Found a glowing silver altar of Zin.
  1813 | D:3      | Found a faded altar of an unknown god.
  1906 | D:3      | Gained mutation: Your magical nature lets you fly swiftly
                  | and evasively. [Tengu growth]
  1906 | D:3      | Reached XP level 5. HP: 28/28 MP: 9/9
  3079 | D:4      | Reached skill level 6 in Fire Magic
  3215 | D:4      | Found a staircase to the Ecumenical Temple.
  3226 | Temple   | Entered the Ecumenical Temple
  3345 | Temple   | Became a worshipper of Vehumet
  3401 | D:4      | Reached XP level 6. HP: 24/32 MP: 10/10
  3620 | D:4      | Found a sacrificial altar of Ru.
  3658 | D:4      | Noticed a black bear
  4262 | D:4      | Reached skill level 5 in Conjurations
  4574 | D:4      | Killed a black bear
  4575 | D:4      | Reached skill level 1 in Fighting
  4575 | D:4      | Reached skill level 7 in Fire Magic
  4575 | D:4      | Reached XP level 7. HP: 38/38 MP: 11/11
  4618 | D:4      | Learned a level 3 spell: Inner Flame
  4629 | D:5      | Entered Level 5 of the Dungeon
  4939 | D:5      | Found Ukoanuut's Antique Armour Shoppe.
  5046 | D:5      | Noticed a shadow
  5047 | D:5      | Found a shadowy altar of Dithmenos.
  5048 | D:5      | Found a hazy altar of Hepliaklqana.
  5143 | D:5      | Reached * piety under Vehumet
  5143 | D:5      | Offered knowledge of Magic Dart by Vehumet.
  5174 | D:5      | Reached skill level 1 in Hexes
  5248 | D:5      | Learned a level 1 spell: Magic Dart
  5333 | D:5      | Reached XP level 8. HP: 44/44 MP: 12/12
  5538 | D:5      | Found Elenumed's Distillery.
  5545 | D:5      | Bought a potion of heal wounds for 75 gold pieces
  5617 | D:5      | Found Jaaxzig's Assorted Antiques.
  5624 | D:5      | Bought a scroll of identify for 54 gold pieces
  5749 | D:5      | Found Zaf Byrugg's Antique Armour Shop.
  5938 | D:6      | Reached skill level 8 in Fire Magic
  6243 | D:6      | Identified the +0 leather armour of Protective Custody
                  | {rPois rF+ Dex+3}
  6439 | D:6      | Found a transporter.
  6446 | D:6      | Found a transporter.
  6458 | D:6      | Noticed a kobold demonologist
  6460 | D:6      | Noticed a kobold demonologist
  6536 | D:6      | Reached skill level 1 in Armour
  6816 | D:7      | Reached XP level 9. HP: 51/51 MP: 13/13
  7006 | D:7      | Reached skill level 9 in Fire Magic
  7343 | D:7      | Reached skill level 5 in Dodging
  7366 | D:7      | Reached ** piety under Vehumet
  7515 | D:7      | Found Cepomeug's Tremendous Tomes.
  7560 | D:7      | Learned a level 4 spell: Flame Wave
  7649 | D:7      | Offered knowledge of Freeze by Vehumet.
  7652 | D:7      | Learned a level 1 spell: Freeze
  7769 | D:7      | Noticed a hornet
  7869 | D:8      | Identified the +4 falchion of Obsession {elec, *Slow rElec
                  | rC+ Will++}
  7886 | D:8      | Noticed Joseph
  7894 | D:8      | Killed Joseph
  8177 | D:8      | Noticed Prince Ribbit
  8350 | D:8      | Killed Prince Ribbit
  8361 | D:8      | Noticed Maurice
  8367 | D:8      | Killed Maurice
  8368 | D:8      | Reached skill level 10 in Fire Magic
  8368 | D:8      | Reached XP level 10. HP: 58/58 MP: 13/15
  8716 | D:8      | Noticed Maggie
  8723 | D:8      | Killed Maggie
  8723 | D:8      | Offered knowledge of Frozen Ramparts by Vehumet.
  9123 | D:8      | Reached skill level 5 in Fighting
  9124 | D:8      | Noticed Psyche
  9128 | D:8      | Killed Psyche
  9168 | D:8      | Noticed a two-headed ogre
  9177 | D:8      | Killed a two-headed ogre
  9266 | D:8      | Noticed Grum
  9520 | D:8      | Killed Grum
 10372 | D:9      | Reached *** piety under Vehumet
 10373 | D:9      | Reached skill level 11 in Fire Magic
 10458 | D:9      | Noticed a two-headed ogre
 10466 | D:9      | Killed a two-headed ogre
 10544 | D:9      | Reached skill level 5 in Armour
 10544 | D:9      | Reached XP level 11. HP: 64/64 MP: 18/18
 10593 | D:9      | Learned a level 5 spell: Irradiate
 11262 | D:9      | Reached skill level 1 in Transmutations
 11353 | D:9      | Found a staircase to the Lair.
 11986 | D:10     | Entered Level 10 of the Dungeon
 12111 | D:10     | Offered knowledge of Ignite Poison by Vehumet.
 12200 | D:10     | Noticed Snorg
 12214 | D:10     | Killed Snorg
 12387 | D:10     | Found a transporter.
 12389 | D:10     | Found Jecaut's Book Emporium.
 12639 | D:10     | Noticed a two-headed ogre
 12654 | D:10     | Killed a two-headed ogre
 12655 | D:10     | Reached skill level 12 in Fire Magic
 12749 | D:10     | Found a staircase to the Orcish Mines.
 12764 | D:10     | Found Ebobrem's Demolitions Depot.
 12963 | D:10     | Found Nuepnas's Antique Weapon Boutique.
 12990 | D:10     | Found Puesean's Armour Shoppe.
 13058 | D:10     | Found a transporter.
 13299 | Lair:1   | Entered Level 1 of the Lair of Beasts
 13306 | Lair:1   | Reached skill level 5 in Spellcasting
 13314 | Lair:1   | Reached skill level 10 in Conjurations
 13596 | Lair:1   | Reached **** piety under Vehumet
 13830 | Lair:1   | Noticed a boulder beetle
 13852 | Lair:1   | Noticed a six-headed hydra
 13862 | Lair:1   | Killed a six-headed hydra
 13863 | Lair:1   | Reached XP level 12. HP: 49/71 MP: 20/21
 14234 | Lair:2   | Noticed a seven-headed hydra
 14244 | Lair:2   | Killed a seven-headed hydra
 14283 | Lair:1   | Learned a level 6 spell: Starburst
 14304 | Lair:2   | Noticed Gastronok
 14323 | Lair:2   | Killed Gastronok
 14645 | Lair:2   | Offered knowledge of Fireball by Vehumet.
 14648 | Lair:2   | Reached skill level 13 in Fire Magic
 15076 | Orc:1    | Entered Level 1 of the Orcish Mines
 15657 | Lair:1   | Killed a boulder beetle
 16821 | Lair:3   | Noticed a four-headed hydra
 16967 | Lair:3   | Reached XP level 13. HP: 65/78 MP: 11/23
 17174 | Lair:3   | Reached skill level 14 in Fire Magic
 17605 | Lair:3   | Reached ***** piety under Vehumet
 17622 | Lair:3   | Found a hazy altar of Hepliaklqana.
 17914 | Lair:3   | Offered knowledge of Yara's Violent Unravelling by Vehumet.
 18229 | Lair:3   | Found a staircase to the Snake Pit.
 18278 | Lair:3   | Found a staircase to the Shoals.
 18360 | Lair:3   | You are sucked into a shaft and drop 1 floor!
 19451 | Lair:4   | Reached skill level 5 in Transmutations
 20367 | Lair:4   | Reached skill level 10 in Dodging
 20736 | Lair:5   | Entered Level 5 of the Lair of Beasts
 21063 | Orc:1    | Noticed an ettin
 21067 | Orc:1    | Killed an ettin
 21572 | Orc:2    | Entered Level 2 of the Orcish Mines
 21572 | Orc:2    | Found a staircase to the Elven Halls.
 21576 | Orc:2    | Reached skill level 1 in Long Blades
 21968 | Lair:5   | Found a staircase to the Slime Pits.
 22033 | Lair:5   | Reached skill level 15 in Fire Magic
 22036 | Lair:5   | Paralysed by a floating eye for 3 turns
 22045 | Lair:4   | Reached XP level 14. HP: 49/84 MP: 10/26
 22740 | Lair:5   | Found a viscous altar of Jiyva.
 22951 | Lair:5   | Learned a level 5 spell: Yara's Violent Unravelling
 22984 | Lair:5   | Reached skill level 5 in Long Blades
 23013 | Lair:5   | Paralysed by a floating eye for 2 turns
 24016 | Lair:5   | Noticed a dire elephant
 24017 | Lair:5   | Noticed a dire elephant
 24017 | Lair:5   | Noticed a dire elephant
 24534 | Orc:2    | Offered knowledge of Freezing Cloud by Vehumet.
 26310 | Orc:2    | Reached skill level 10 in Long Blades
 26394 | Orc:2    | Found Sorun's Magic Scroll Shop.
 26412 | Orc:2    | Found Jausuod's Antique Weapon Shoppe.
 26414 | Orc:2    | Found Feitiach's Antique Armour Shoppe.
 26420 | Orc:2    | Bought a scorched buckler for 332 gold pieces
 26420 | Orc:2    | Identified the +2 buckler of Insatiable Hunger {Contam rN++
                  | Str+3} (You bought it in a shop on level 2 of the Orcish
                  | Mines)
 26443 | Orc:2    | Found Zihol's Antique Weapon Shoppe.
 26541 | Orc:2    | Bought a brightly glowing scimitar for 252 gold pieces
 26541 | Orc:2    | Identified the +6 scimitar "Embalmer" {venom, +Blink rF+
                  | Int-4} (You bought it in a shop on level 2 of the Orcish
                  | Mines)
 27106 | D:11     | Found Yrraifa's CLEARANCE SALE!.
 27958 | Orc:2    | Bought a scroll of amnesia for 52 gold pieces
 28119 | D:12     | Reached skill level 1 in Evocations
 28588 | D:12     | Noticed Josephine
 28686 | D:12     | Reached XP level 15. HP: 82/89 MP: 25/27
 28688 | D:12     | Killed Josephine
 28869 | D:12     | Offered knowledge of Arcjolt by Vehumet.
 28876 | D:12     | Learned a level 5 spell: Arcjolt
 29381 | D:13     | Reached skill level 1 in Air Magic
 29774 | D:13     | Reached skill level 1 in Shields
 30952 | D:14     | Noticed Azrael
 32626 | D:14     | Killed Azrael
 32884 | D:14     | Noticed Lodul
 32889 | D:14     | Killed Lodul
 33371 | D:14     | Found a gate to the Vaults.
 33412 | D:14     | Noticed Nessos
 33423 | D:14     | Killed Nessos
 33741 | D:15     | Entered Level 15 of the Dungeon
 34532 | D:15     | Identified the +4 glaive of Noon {heavy, rElec}
 35312 | D:15     | Found a transporter.
 35385 | D:15     | Found a staircase to the Depths.
 35394 | D:15     | Found a transporter.
 35394 | D:15     | Noticed Jiecrehi's ghost (journeyman DDFi)
 35687 | D:15     | Reached XP level 16. HP: 96/96 MP: 21/28
 35698 | D:15     | Killed Jiecrehi's ghost
 37227 | Lair:5   | Reached skill level 16 in Fire Magic
 37705 | Lair:5   | Learned a level 3 spell: Stone Arrow
 37727 | Lair:5   | Offered knowledge of Plasma Beam by Vehumet.
 37997 | Lair:5   | Reached skill level 5 in Air Magic
 38136 | Lair:5   | Identified the ring "Daytuatua" {Fly rElec rCorr}
 38306 | Snake:1  | Entered Level 1 of the Snake Pit
 38828 | Snake:1  | Noticed Aizul
 38959 | Snake:1  | Identified a scroll of acquirement
 40723 | Snake:1  | Reached skill level 5 in Evocations
 41332 | Snake:2  | Reached skill level 10 in Fighting
 41436 | Snake:2  | Found Xidiwket's General Store.
 41657 | Snake:2  | Offered knowledge of Orb of Destruction by Vehumet.
 42075 | Snake:2  | Reached XP level 17. HP: 99/102 MP: 25/30
 42464 | Snake:2  | Noticed Vashnia
 42468 | Snake:2  | Reached skill level 5 in Hexes
 42665 | Snake:2  | Noticed Agnes
 42676 | Snake:2  | Killed Agnes
 42677 | Snake:2  | Reached skill level 15 in Conjurations
 42975 | Snake:2  | Learned a level 7 spell: Orb of Destruction
 43762 | Snake:2  | Killed Vashnia
 45209 | Snake:3  | Reached skill level 17 in Fire Magic
 45600 | Snake:3  | Noticed Louise
 45862 | Snake:3  | Killed Louise
 45904 | Snake:3  | Found Zonna's Self-Improvement Boutique.
 45913 | Snake:3  | Bought a manual of Fire Magic for 1280 gold pieces
 47295 | Snake:4  | Entered Level 4 of the Snake Pit
 47677 | Snake:4  | Found Ito Meth's Armour Shoppe.
 47869 | Snake:4  | Noticed Saint Roka
 47904 | Snake:4  | Slain by Saint Roka

Illustrated notes

Levels and vault maps discovered:
D:1:      wander_arrival_estate, layout_rooms
D:2:      layout_basic
D:3:      layout_basic, zin_academy, basic_ecumenical_altar,
          minmay_misc_feat_diagonals, hangedman_decor_opposing, minmay_pentangle
D:4:      nicolae_cairo_tiling_very_big, layout_cave_pods,
          nicolae_ru_great_annihilating_truth, minmay_temple_entry_wispy
D:5:      layout_basic, riverfiend_overflow_shadow_ancestor, serial_shops,
          nicolae_shop_rolling_square, nicolae_shop_rolling_square,
          nicolae_diamond_shop, shop
D:6:      gammafunk_wand_slinger, layout_basic
D:7:      layout_gridville, nicolae_shop_i_like_big_books, st_stairs_1
D:8:      minmay_octagon_keep, layout_basic, uniq_prince_ribbit1, uniq_maurice,
          uniq_grum, uniq_maggie, uniq_psyche, uniq_joseph
D:9:      layout_basic, david_lair_shrubbed
D:10:     layout_roguey, david_orc_2, serial_shops, nicolae_shop_drivethru,
          shop, nicolae_shop_behind_doors, dreamdust_mushroom_princess,
          chequers_serial_rivers_small_a, nicolae_blasting_shop, uniq_snorg
D:11:     layout_basic, nicolae_shop_clearance
D:12:     layout_cave_pools, serial_column_ruins, column_ruins_hut_pillars,
          column_ruins_grid_4, column_ruins_open_medium, column_ruins_open_tiny,
          column_ruins_open_tiny, column_ruins_open_tiny_water,
          palyth_stone_intersect, uniq_josephine
D:13:     layout_roguey
D:14:     layout_roguey, david_vaults_2, nicolae_hexahallways, uniq_azrael,
          uniq_lodul, uniq_nessos
D:15:     grunt_enter_depths_giant_problem, layout_long_grid,
          minmay_crystal_room, gammafunk_ghost_mausoleum
Temple:   hc_temple_tempest_star
Lair:1:   layout_small_grid
Lair:2:   layout_roguey, uniq_gastronok
Lair:3:   layout_long_grid, nicolae_shoals_entry_roost,
          minmay_snake_entry_guardpost_large, nicolae_volcano_entry_lava_flow,
          basic_altar
Lair:4:   layout_hall_layers, serial_bayou_shore_a
Lair:5:   due_jungle_book, layout_cave_pods, minmay_slime_entry_eyes
Snake:1:  kennysheep_snake, layout_misc_corridors, drop_trap,
          nicolae_snake_linked_coils, lemuel_fruit_tree, uniq_aizul
Snake:2:  cheibrodos_snake_lava_hold, layout_misc_corridors, serial_shops,
          nicolae_shop_trees, uniq_vashnia, uniq_agnes
Snake:3:  layout_misc_corridors, nicolae_shop_self_help, uniq_louise
Snake:4:  johnstein_snake_rune_scales, layout_misc_corridors, serial_shops,
          nicolae_shop_real_fake_doors, ebering_ghost_inner_flame,
          nicolae_fountain_basement, minmay_shop_star, serial_bayou_shore_b,
          uniq_saint_roka, uniq_kirke
Orc:1:    layout_caves, sword_in_stone
Orc:2:    hellmonk_orc_salted, layout_caves, basic_altar

Skill      XL: |  1  2  3  4  5  6  7  8  9 10 11 12 13 14 15 16 17 |
---------------+----------------------------------------------------+-----
Conjurations   | 2 3 4 5 6 7 9 10 11 12 13 14 16 | 16.1
Fire Magic     | 4 5 6 7 8 10 11 12 13 15 16 17 | 17.7
Fighting       | 1 2 3 4 5 6 7 8 9 10 | 10.7
Dodging        | 3 4 5 6 8 9 10 11 12 13 | 13.4
Hexes          | 1 2 3 4 5 |  5.0
Armour         | 1 3 5 |  5.0
Spellcasting   | 4 5 6 7 8 |  8.0
Transmutations | 2 4 5 6 |  6.0
Long Blades    | 1 10 11 12 13 | 13.3
Evocations     | 1 4 5 |  5.0
Air Magic      | 4 5 |  5.0
Shields        | 2 4 |  4.0
Stealth        | |  2.0

Action                     |  1- 3 |  4- 6 |  7- 9 | 10-12 | 13-15 | 16-18 || total
---------------------------+-------+-------+-------+-------+-------+-------++-------
  Melee: Dagger            |     3 |    48 |     1 |       |       |       ||    52
         Kick              |       |    12 |     1 |    17 |    28 |    64 ||   122
         Peck              |       |     8 |       |    14 |    11 |    47 ||    80
         Punch             |       |     1 |       |       |     1 |       ||     2
         Falchion          |       |       |     3 |    38 |    64 |   164 ||   269
  Throw: Stone             |     1 |       |       |       |       |       ||     1
         Boomerang         |       |       |       |       |     2 |       ||     2
         Dart              |       |       |       |       |     1 |       ||     1
   Cast: Foxfire           |    27 |    85 |    76 |    79 |    76 |    17 ||   360
         Scorch            |     3 |    28 |    60 |   169 |   160 |    86 ||   506
         Magic Dart        |       |       |    23 |     3 |       |       ||    26
         Inner Flame       |       |       |     8 |    66 |    40 |    10 ||   124
         Flame Wave        |       |       |     1 |     1 |     4 |       ||     6
         Freeze            |       |       |       |     1 |     5 |     3 ||     9
         Starburst         |       |       |       |    17 |   277 |   205 ||   499
         Irradiate         |       |       |       |     2 |     2 |       ||     4
         Yara's Violent Un |       |       |       |       |     1 |     1 ||     2
         Arcjolt           |       |       |       |       |    35 |     8 ||    43
         Stone Arrow       |       |       |       |       |       |    77 ||    77
         Orb of Destructio |       |       |       |       |       |    86 ||    86
    Use: Scroll            |     1 |     3 |     6 |    12 |    12 |     7 ||    41
         Potion            |       |       |       |     2 |     1 |     6 ||     9
   Stab: Sleeping          |     1 |     3 |       |       |       |     1 ||     5
 Armour: Robe              |       |     7 |     1 |       |       |       ||     8
         Leather armour    |       |       |     5 |    18 |    35 |    56 ||   114
  Dodge: Dodged            |     8 |    34 |    30 |    81 |   256 |   249 ||   658
  Block: Other             |       |    11 |     8 |    23 |    46 |       ||    88
         Reflection        |       |     1 |     2 |     2 |    29 |    42 ||    76
         Buckler           |       |       |       |       |    89 |   209 ||   298
